 Dungeon Crawl Stone Soup version 0.30-a0-122-g2a1322497e (webtiles) character file.

Game seed: 13654989721839504337

84 SigmundSlayer the Digger (level 4, 0/30 HPs)
             Began as a Demonspawn Earth Elementalist on Sept 16, 2022.
             Slain by Terence
             ... wielding a +0 short sword
              (3 damage)
             ... on level 2 of the Dungeon.
             The game lasted 00:02:36 (1959 turns).

SigmundSlayer the Digger (DsEE)                     Turns: 1959, Time: 00:02:36

Health: 0/30       AC:  2    Str:  7 (8)  XL:     4   Next: 24%
Magic:  2/7        EV: 12    Int: 17 (19) God:
Gold:   87         SH:  0    Dex: 12 (13) Spells: 6/7 levels left

rFire   . . .      SeeInvis .    (no weapon)
rCold   . . .      Faith    .    (no shield)
rNeg    . . .      Spirit   .    a - +0 robe
rPois   .          Reflect  .    (helmet restricted)
rElec   .          Harm     .    (no cloak)
rCorr   .          Rampage  .    (no gloves)
Will    .....                    (no boots)
Stlth   ++........               (no amulet)
HPRegen 0.10/turn                (no ring)
MPRegen 0.10/turn                (no ring)

@: mighty, attractive
A: horns 1
a: no special abilities


You were on level 2 of the Dungeon.
You visited 1 branch of the dungeon, and saw 2 of its levels.

You collected 87 gold pieces.

Inventory:

Armour
 a - a +0 robe (worn)
Magical Staves
 g - a staff of fire
Scrolls
 b - a scroll of noise {unknown}
 c - 2 scrolls of identify {unknown}
 d - a scroll of torment {unknown}
 f - 2 scrolls of silence {unknown}
 h - 2 scrolls of fog {unknown}
 i - a scroll of brand weapon {unknown}
 k - a scroll of vulnerability {unknown}


   Skills:
 - Level 1.7 Dodging
 - Level 1.7 Stealth
 - Level 2.0 Spellcasting
 - Level 0.8 Transmutations
 + Level 4.6 Earth Magic


You had 6 spell levels left.
You knew the following spells:

 Your Spells              Type           Power      Damage    Failure   Level
a - Sandblast             Erth           34%        2d9       2%          1

Your spell library contained the following spells:

 Spells                   Type           Power      Damage    Failure   Level
 Passwall                 Tmut/Erth      9%         N/A       10%         2
 Stone Arrow              Conj/Erth      18%        3d8       22%         3
 Petrify                  Tmut/Erth      11%        N/A       52%         4


Dungeon Overview and Level Annotations

Branches:
Dungeon (2/15)

Altars:

Annotations:
D:2 Terence


Innate Abilities, Weirdness & Mutations

You have a pair of small horns on your head.


Message History

The blast of sand hits Terence but does no damage.
Terence closely misses you.
The blast of sand hits Terence.
Terence is lightly wounded.
Terence hits you with a +0 short sword. Terence barely misses you.
The blast of sand hits Terence but does no damage.
Terence is lightly wounded.
Terence barely misses you.
It was a potion of might.
You feel very mighty all of a sudden. Terence hits you with a +0 short sword.
Aiming: Sandblast (safe; 2% risk of failure)
Press: ? - help, Q - select action Shift-Dir - straight line, f/p - Terence
Aim: Terence, wielding a +0 short sword and wearing a +0 chain mail (lightly wounded, 87% to hit)
The blast of sand hits Terence but does no damage.
Terence is lightly wounded.
Terence misses you. Terence closely misses you.
It was a potion of attraction.
You feel attractive to monsters.
Terence asks, "Do you want it fast or slow?"
Terence barely misses you.
It was a potion of degeneration.
There was something very wrong with that liquid.
You feel weakened.
You feel dopey.
You feel clumsy. Terence barely misses you. Terence attacks as you move away!
Terence hits you with a +0 short sword. Terence attacks as you move away!
Terence closely misses you. Terence closely misses you.
You see here a ball python corpse.
Terence barely misses you.
There is a shaft here.
Terence attacks as you move away! Terence misses you.
Terence hits you with a +0 short sword.
* * * LOW HITPOINT WARNING * * *
Terence barely misses you. Terence attacks as you move away!
Terence hits you with a +0 short sword.
* * * LOW HITPOINT WARNING * * *
There is a stone staircase leading up here.
Terence attacks as you move away! Terence hits you with a +0 short sword.
You die...

#### #...#######
#....#.#...##
....##...#
##.###)#.####
.........# #.###.#.).#.
.........# #...#)###.#.
........## ###.#...'.#.
........#######
#.########
..............# #.#
....#.........#######.#
....#.......@@........#
### #....^†...#########
#.........#
#..........#
#...######## #.....
#..... #.... #...


You could see Terence.

Vanquished Creatures
  3 gnolls (D:2)
  2 adders (D:2)
  2 endoplasms (D:2)
  2 giant cockroaches
  7 goblins
  2 hobgoblins
  3 jackals (D:1)
  A quokka (D:2)
  3 ball pythons (D:2)
  2 bats (D:1)
  2 frilled lizards
  3 kobolds
  5 rats
37 creatures vanquished.

Notes
Turn   | Place    | Note
-------+----------+-------------------------------------------
     0 | D:1      | SigmundSlayer the Demonspawn Earth Elementalist began the
                  | quest for the Orb.
     0 | D:1      | Reached XP level 1. HP: 13/13 MP: 3/3
   138 | D:1      | Reached skill level 3 in Earth Magic
   350 | D:1      | Gained mutation: You have a pair of small horns on your
                  | head. [demonic ancestry]
   350 | D:1      | Reached XP level 2. HP: 19/19 MP: 3/5
  1434 | D:2      | Reached XP level 3. HP: 24/24 MP: 4/6
  1482 | D:2      | Reached skill level 4 in Earth Magic
  1743 | D:2      | Reached XP level 4. HP: 30/30 MP: 5/7
  1926 | D:2      | Noticed Terence
  1959 | D:2      | Slain by Terence

Illustrated notes

Levels and vault maps discovered:
D:1:      dpeg_arrival_rhombi, layout_basic
D:2:      minmay_chambers_of_ones, layout_basic, minmay_tromino_i2,
          uniq_terence, uniq_crazy_yiuf_cottage

Skill      XL: |  1  2  3 |
---------------+----------+-----
Earth Magic    | 3 4 |  4.6
Dodging        | |  1.7
Stealth        | |  1.7
Spellcasting   | |  2.0
Transmutations | |  0.8

Action                   |  1- 3 |  4- 6 || total
-------------------------+-------+-------++-------
 Cast: Sandblast         |    45 |    15 ||    60
  Use: Potion            |     1 |     3 ||     4
Armor: Robe              |     3 |     3 ||     6
Dodge: Dodged            |     6 |    17 ||    23

Table legend: (Time is in decaauts)
 A = Elapsed time spent in this place.
 B = Non-inter-level travel time spent in this place.
 C = Inter-level travel time spent in this place.
 D = Time resting spent in this place.
 E = Time spent auto-exploring this place.
 F = Levels seen in this place.
 G = Mean time per level.
                   A        B        C        D        E       F      G
               +--------+--------+--------+--------+--------+-----+--------+
         Total |   1989 |   1941 |     48 |    430 |   1294 |   2 |  994.5 |
       Dungeon |   1989 |   1941 |     48 |    430 |   1294 |   2 |  994.5 |
               +--------+--------+--------+--------+--------+-----+--------+

Top non-repeatable levels by time:
     D:1: 1082 daAuts
     D:2: 907 daAuts
